Map: Abiogenesis LE

Players

Random - Winner!

  • Race: Terran Terran
  • Spawn Location: 5:00

A.I. 1 (Harder)

  • Race: Terran Terran
  • Spawn Location: 11:00

VOD

Have the link to the VOD?

Description

Time

  • Played on: Feb. 2, 2018, 6:31 p.m.
  • Length: 17:22
Show
View Real Time Build Order
Export as new Build Order

Random Terran - Winner!

Build Orders: MMM Bio 

Get SALT Encoding   

  12  0:01  SCV  
  13  0:13  SCV  
  14  0:21  Supply Depot  
  14  0:25  SCV  
  16  0:42  SCV  
  16  0:45  Barracks  
  16  0:49  Refinery  
  16  0:55  SCV  
  17  1:04  Barracks  
  17  1:07  SCV  
  18  1:19  SCV  
  18  1:22  Barracks  
  19  1:31  SCV  
  20  1:36  Supply Depot  
  20  1:37  Marine  
  21  1:45  SCV  
  22  1:52  Marine  
  23  1:58  Marine  
  24  2:03  Supply Depot  
  24  2:05  SCV  
  25  2:11  Supply Depot  
  25  2:14  Marine  
  25  2:15  Marine  
  27  2:28  Factory  
  27  2:34  Refinery  
  27  2:40  Orbital Command  
  27  2:44  Marine  
  27  2:46  Marine  
  27  2:50  Marine  
  30  3:07  Barracks Tech Lab  
  30  3:09  Barracks Reactor  
  30  3:10  Marine  
  31  3:15  Factory Tech Lab, Starport  
  31  3:17  SCV  
  32  3:28  Marine  
  33  3:47  Barracks Tech Lab  
  33  3:49  SCV  
  33  3:52  Siege Tank  
  33  3:54  Starport Reactor  
  37  4:02  Supply Depot  
  37  4:07  Marine, Marauder  
  37  4:08  Marauder  
  42  4:14  Stimpack  
  42  4:25  Supply Depot  
  42  4:29  Concussive Shells  
  42  4:34  Medivac  
  44  4:51  Marine x2, Marauder x2  
  50  5:15  Command Center  
  50  5:29  Marine x2, Marauder x2  
  50  5:30  Siege Tank  
  59  5:37  Supply Depot  
  50  6:00  Marine x2, Marauder x2  
  50  6:02  Medivac x2  
  60  6:14  SCV  
  61  6:26  Combat Shields, SCV  
  61  6:32  SCV  
  63  6:37  Refinery  
  63  6:41  SCV  
  63  6:44  SCV  
  65  6:53  Supply Depot, SCV  
  66  6:56  SCV  
  66  6:57  Supply Depot  
  67  7:03  Refinery  
  67  7:06  SCV  
  68  7:10  Orbital Command  
  68  7:27  Engineering Bay  
  68  7:29  Engineering Bay  
  68  7:49  Marine x2, Marauder x2  
  68  7:51  Siege Tank  
  77  7:54  Medivac x2  
  81  8:06  Marine  
  82  8:14  Terran Infantry Weapons Level 1  
  82  8:15  Terran Infantry Armor Level 1  
  82  8:22  Armory  
  82  8:23  Siege Tank  
  85  8:53  Marine x2  
  85  8:54  Marauder  
  85  8:55  Marauder  
  91  8:56  Siege Tank  
  91  8:57  Medivac  
  93  9:11  Marine  
  56  11:30  Command Center  
  56  11:41  Command Center  
  55  14:46  Supply Depot  
  54  15:41  Command Center  
  16  16:36  Supply Depot x2  
  16  16:37  Supply Depot  
  16  16:39  Supply Depot  
  16  16:40  Supply Depot  
  16  17:04  SCV  
  17  17:17  Engineering Bay  
Show
View Real Time Build Order
Export as new Build Order

A.I. 1 (Harder) Terran 

Build Orders: MMM Bio 

Get SALT Encoding   

  12  0:00  SCV  
  13  0:13  SCV  
  14  0:18  Supply Depot  
  14  0:25  SCV  
  15  0:39  SCV  
  16  0:44  Barracks  
  16  0:51  SCV  
  17  1:04  SCV  
  18  1:17  Command Center  
  18  1:32  Marine, Orbital Command  
  19  1:38  Supply Depot  
  19  1:45  Refinery  
  19  1:50  Marine  
  20  1:58  SCV  
  20  2:01  Barracks  
  21  2:08  Refinery  
  21  2:09  Marine  
  21  2:10  SCV  
  23  2:23  SCV  
  23  2:27  Marine, Supply Depot  
  26  2:37  SCV  
  26  2:46  Barracks Tech Lab  
  26  2:47  Marine  
  27  2:56  Refinery  
  27  2:58  SCV  
  27  3:01  SCV  
  27  3:05  Marine  
  29  3:10  Marine, SCV  
  32  3:13  SCV  
  33  3:22  SCV  
  33  3:23  Factory  
  33  3:25  Barracks Tech Lab  
  33  3:26  SCV  
  35  3:29  Marauder  
  37  3:35  SCV  
  37  3:38  SCV  
  39  3:42  Factory  
  39  3:43  Reaper  
  40  4:06  Factory Tech Lab  
  40  4:08  Reaper  
  41  4:10  Starport  
  41  4:12  Starport  
  41  4:19  Refinery  
  41  4:25  Factory Tech Lab  
  41  4:27  Siege Tank  
  41  4:28  SCV  
  45  4:32  SCV  
  46  4:39  Supply Depot  
  46  4:41  SCV  
  46  4:44  SCV  
  48  4:46  Starport Tech Lab  
  48  4:48  Starport Tech Lab  
  48  4:51  Stimpack  
  48  4:53  SCV  
  48  4:56  SCV  
  48  4:59  Combat Shields  
  50  5:04  Viking  
  50  5:05  SCV  
  50  5:06  Engineering Bay  
  53  5:12  SCV  
  54  5:17  SCV  
  55  5:22  Marine  
  55  5:24  SCV  
  55  5:28  Supply Depot  
  57  5:29  SCV  
  57  5:31  Terran Infantry Armor Level 1  
  57  5:34  Marauder  
  60  5:36  SCV  
  60  5:41  SCV  
  60  5:44  Marine  
  60  5:49  SCV  
  62  5:53  SCV  
  62  5:54  Supply Depot  
  62  5:55  Reaper  
  64  6:02  SCV  
  65  6:05  SCV  
  65  6:06  Marauder  
  67  6:14  SCV  
  67  6:17  Siege Tank, SCV  
  67  6:18  Supply Depot, Concussive Shells  
  72  6:26  SCV  
  72  6:28  Cyclone  
  76  6:38  Reaper  
  78  6:40  SCV x2  
  78  6:43  Supply Depot  
  79  6:49  Viking, Missile Turret  
  79  6:52  Missile Turret, SCV  
  79  6:53  Missile Turret  
  82  6:57  Missile Turret  
  82  7:00  Reaper  
  83  7:04  Raven  
  83  7:07  Supply Depot  
  85  7:11  Bunker  
  85  7:14  Armory  
  85  7:18  Sensor Tower  
  85  7:19  Raven  
  85  7:20  Barracks  
  85  7:22  Bunker  
  87  7:26  Terran Infantry Weapons Level 1  
  87  7:31  Supply Depot  
  87  8:01  Thor  
  92  8:07  Barracks Reactor  
  92  8:11  Marine  
  74  8:41  Medivac x2, Marauder  
  95  8:44  Marine  
  95  8:46  Factory  
  95  8:47  Marine  
  101  8:49  Marine  
  101  8:50  Starport, Command Center  
  101  8:51  Supply Depot  
  102  9:01  Marine  
  102  9:02  Marine  
  104  9:04  Marine  
  104  9:07  Marine  
  106  9:11  Medivac, Raven  
  106  9:16  Ghost Academy  
  104  9:17  Supply Depot  
  104  9:19  Marine  
  104  9:20  Terran Infantry Weapons Level 2, Engineering Bay, Marauder  
  107  9:27  Marine, Starport Reactor  
  107  9:29  Factory Tech Lab  
  107  9:30  Marine  
  98  9:37  Marine  
  90  9:41  Marine, Medivac, SCV  
  90  9:45  Marine  
  85  9:48  Marine  
  75  9:53  SCV  
  75  9:54  Medivac  
  75  9:55  Marauder  
  75  9:59  Marine  
  81  10:03  Marine  
  81  10:05  SCV  
  81  10:06  Marine  
  75  10:10  Medivac  
  67  10:16  Ghost  
Tags
 
Composition
MMM BioMMM Bio
Matchup
TvT
Race
Terran
Spawn Locations
Cross Positions
Add a new tag
Caveats
  • Supply blocks, unpowered buildings, or Contaminate may cause inaccurate times.
  • Supply counts are checked every 10 seconds.